 Dungeon Crawl Stone Soup version 0.23.2-1-ga50397a (webtiles) character file.

Game seed: 3088007282555383758

52 MalarOregon the Ruffian (level 3, -6/31 HPs)
             Began as a Ghoul Gladiator on May 30, 2019.
             Mangled by Terence
             ... wielding a +0 flail
              (7 damage)
             ... on level 2 of the Dungeon.
             The game lasted 00:01:37 (848 turns).

MalarOregon the Ruffian (Ghoul Gladiator)            Turns: 848, Time: 00:01:38

Health: -6/31      AC:  6    Str: 18    XL:     3   Next: 85%
Magic:  2/2        EV: 11    Int:  3    God:
Gold:   69         SH:  0    Dex: 10    Spells: 2/2 levels left

rFire    + . .     SeeInvis .     - Unarmed
rCold    . . .     Gourm    .   (no shield)
rNeg     + + +     Faith    .   l - +0 ring mail
rPois    ∞         Spirit   .   b - +0 helmet
rElec    .         Reflect  .   (no cloak)
rCorr    .         Harm     .   (no gloves)
MR       .....                  (no boots)
Stlth    ..........             (no amulet)
HPRegen  0.00/turn              d - ring of fire
MPRegen  0.08/turn              (no ring)

@: rotting
A: rotting body, claws 1, carnivore, cold resistance 1, negative energy
resistance 3, inhibited regeneration, torment resistance, unbreathing
a: no special abilities


You were on level 2 of the Dungeon.
You were not hungry.

You visited 1 branch of the dungeon, and saw 2 of its levels.

You collected 69 gold pieces.

Inventory:

Missiles
 c - 3 throwing nets (quivered) {!f}
Armour
 b - a +0 helmet (worn)
 l - a +0 ring mail (worn)
   (You found it on level 2 of the Dungeon)
Jewellery
 d - a ring of fire (left claw)
   (You found it on level 1 of the Dungeon)
 i - a cursed ring of attention {unknown}
   (You found it on level 1 of the Dungeon)
 m - an uncursed ring of positive energy {unknown}
   (You found it on level 2 of the Dungeon)
Scrolls
 g - 2 scrolls of remove curse {unknown}
 h - a scroll of immolation {unknown}
Potions
 a - a potion of heal wounds {unknown}
 j - a potion of brilliance {unknown}
 k - a potion of might {unknown}
Comestibles
 e - 3 rations {!d}
 f - 10 chunks of flesh


   Skills:
 + Level 3.0 Fighting
 - Level 1.7 Throwing
 + Level 3.2 Dodging
 + Level 4.0 Unarmed Combat


You had 2 spell levels left.
You didn't know any spells.
Your spell library was empty.

Dungeon Overview and Level Annotations

Branches:
Dungeon (2/15)

Altars:
Fedhas

Annotations:
D:2 Terence


Innate Abilities, Weirdness & Mutations

Your body is rotting away.
You thrive on raw meat.
You are immune to poison.
You have sharp fingernails.
You are carnivorous and can eat meat at any time.
Your flesh is cold resistant. (rC+)
You are immune to negative energy. (rN+++)
You do not regenerate when monsters are visible.
You are immune to unholy pain and torment.
You can survive without breathing.


Message History

No target in view!
No target in view!
No target in view!
No target in view!
No target in view!
No target in view!
No target in view!
No target in view!
No target in view!
No target in view!
No target in view!
No target in view!
No target in view!
No target in view!
No target in view!
No target in view!
The kobold shouts!
The kobold throws a stone.
The stone hits you but does no damage.
Things that are here:
a stone; a rat corpse x2
A kobold is nearby!
Unknown command.
A kobold is nearby!
A kobold is nearby!
Terence the Incautious comes into view.
He is wielding a +0 flail.
Terence shouts!
Terence drinks a potion.
Terence goes berserk!
Found 13 stones.
You hear a shout!
Things that are here:
a stone; a rat corpse x2
You closely miss Terence. Terence hits you with a +0 flail.
You scratch Terence but do no damage. Terence closely misses you.
You closely miss Terence. Terence barely misses you.
Terence closely misses you.
You scratch Terence but do no damage. Terence hits you with a +0 flail.
You closely miss Terence. Terence hits you with a +0 flail.
You scratch Terence but do no damage. Terence hits you with a +0 flail.
You claw Terence! Terence hits you but does no damage.
You scratch Terence. Terence hits you with a +0 flail!
* * * LOW HITPOINT WARNING * * *
Terence hits you with a +0 flail!
* * * LOW HITPOINT WARNING * * *
Okay, then.
Okay, then.
Terence rages.
Terence closely misses you.
Terence rages.
Terence hits you with a +0 flail!
You die...

.# #.# .# #.# .. .#
#.# . .# #.## .##
.## #..# .[#
..########.#####...
..(.......#
#................#
#..........
##########..####>#
#.....(....
##.####@#
#..........
#.<..#@##
#..........
####.#..#
#........$.
#...K### #........#
###....####......#
##.....(.....###
#############


You could see Terence (berserk) and a kobold.

Vanquished Creatures
  An adder (D:2)
  2 oozes
  A dart slug (D:1)
  A leopard gecko (D:1)
  A giant cockroach (D:2)
  4 goblins
  4 hobgoblins
  2 kobolds (D:1)
  A quokka (D:2)
  5 bats
  5 frilled lizards (D:1)
  5 rats
32 creatures vanquished.

Notes
Turn   | Place    | Note
-------+----------+-------------------------------------------
     0 | D:1      | MalarOregon the Ghoul Gladiator began the quest for the
                  | Orb.
     0 | D:1      | Reached XP level 1. HP: 17/17 MP: 0/0
   104 | D:1      | Reached XP level 2. HP: 24/25 MP: 1/1
   621 | D:2      | Reached XP level 3. HP: 28/29 MP: 2/2
   673 | D:2      | Found a blossoming altar of Fedhas.
   824 | D:2      | Reached skill level 4 in Unarmed Combat
   830 | D:2      | Noticed Terence
   843 | D:2      | HP: 1/31 [Terence/+0 flail (7)]
   848 | D:2      | Mangled by Terence

Skill      XL: |  1  2  3 |
---------------+----------+-----
Dodging        | 3 |  3.2
Fighting       | 3 |  3.0
Unarmed Combat | 4 |  4.0
Throwing       | |  1.7

Action                   || total
-------------------------++-------
Melee: Unarmed           ||    97
       Punch             ||     1
  Eat: Chunk             ||     1
Armor: Leather armour    ||    27
       Ring mail         ||    11
Dodge: Dodged            ||    61
